Map: King's Cove LE

Players

Vanya - Winner!

  • Race: Zerg Zerg
  • Spawn Location: 5:00

Wanderer

  • Race: Terran Terran
  • Spawn Location: 11:00

Event: 2019 WCS Summer

VOD

Have the link to the VOD?

Description

Time

  • Played on: July 12, 2019, 6:50 a.m.
  • Length: 9:15

All games in this series

Show
View Real Time Build Order
Export as new Build Order

Vanya Zerg - Winner!

Build Orders: Pool First 

Get SALT Encoding   

  12  0:00  Drone  
  13  0:13  Overlord  
  13  0:18  Drone  
  14  0:32  Drone  
  15  0:38  Spawning Pool  
  15  0:41  Drone  
  15  0:45  Drone  
  16  0:50  Drone  
  17  1:11  Hatchery  
  17  1:14  Drone  
  17  1:19  Extractor  
  17  1:25  Zergling x4  
  18  1:32  Queen  
  18  1:39  Drone  
  21  1:45  Overlord  
  21  1:52  Drone  
  22  2:03  Drone  
  22  2:08  Queen  
  23  2:13  Drone  
  26  2:24  Metabolic Boost  
  26  2:26  Drone  
  27  2:34  Drone  
  28  2:40  Hatchery  
  28  2:44  Drone  
  28  2:49  Drone  
  28  2:50  Drone  
  30  2:55  Queen  
  32  3:00  Overlord  
  32  3:05  Drone  
  33  3:07  Drone  
  33  3:08  Drone  
  35  3:18  Drone  
  35  3:19  Drone  
  37  3:20  Overlord  
  37  3:23  Drone x2  
  39  3:31  Queen  
  39  3:33  Drone x2  
  43  3:39  Overlord  
  43  3:43  Overlord  
  43  3:47  Drone  
  44  3:49  Drone, Baneling Nest  
  44  3:52  Drone  
  45  3:57  Queen  
  45  3:59  Drone  
  45  4:01  Drone  
  49  4:04  Drone  
  49  4:06  Drone x2  
  52  4:11  Queen  
  52  4:14  Drone  
  52  4:16  Zergling x4  
  56  4:19  Zergling x2  
  56  4:20  Zergling x2  
  56  4:22  Zergling x2  
  59  4:26  Overlord  
  59  4:29  Drone x2  
  62  4:31  Drone  
  62  4:32  Baneling  
  62  4:33  Drone  
  62  4:34  Baneling  
  63  4:39  Queen  
  63  4:42  Overlord  
  65  4:47  Drone x5  
  65  4:51  Spore Crawler  
  65  4:52  Drone  
  70  4:53  Drone  
  70  4:56  Extractor  
  70  4:57  Lair, Extractor  
  70  4:59  Drone  
  70  5:03  Drone x2  
  70  5:06  Spore Crawler x2  
  70  5:08  Baneling  
  70  5:10  Drone x3  
  73  5:16  Zergling x8  
  77  5:23  Drone x2  
  77  5:25  Overlord  
  77  5:28  Overlord  
  79  5:30  Zergling x6  
  79  5:32  Baneling  
  79  5:34  Overlord  
  82  5:39  Extractor x2  
  82  5:42  Overlord  
  80  5:43  Extractor  
  80  5:44  Drone x3  
  80  5:46  Drone x3  
  80  5:48  Zergling x2  
  80  5:49  Zergling x2  
  86  5:59  Zergling x2  
  86  6:00  Zergling x8  
  86  6:02  Zergling x6, Spire  
  90  6:05  Zergling x4  
  91  6:11  Zergling x6  
  91  6:15  Zergling x4  
  96  6:21  Zergling x2  
  96  6:22  Zergling x2  
  96  6:23  Zergling x6  
  100  6:26  Zergling x6  
  100  6:31  Drone x2, Evolution Chamber  
  102  6:33  Evolution Chamber  
  102  6:37  Drone  
  103  6:40  Drone  
  103  6:44  Drone x2  
  103  6:46  Drone x2, Hatchery  
  104  6:48  Drone  
  104  6:52  Drone x2  
  103  7:00  Drone  
  92  7:02  Drone  
  92  7:04  Drone x2  
  92  7:06  Zerg Ground Armor Level 1, Zerg Melee Weapons Level 1  
  87  7:20  Mutalisk x6  
  93  7:25  Mutalisk  
  94  7:30  Drone x2  
  94  7:31  Mutalisk  
  94  7:32  Mutalisk  
  94  7:35  Zergling x2  
  94  7:36  Zergling x4  
  103  7:42  Mutalisk x3  
  109  7:49  Overlord  
  109  7:50  Extractor  
  109  7:51  Drone x3  
  111  7:53  Mutalisk, Overlord  
  113  8:03  Mutalisk x3  
  119  8:09  Mutalisk  
  119  8:12  Zergling x2  
  120  8:13  Zergling x14  
  125  8:24  Baneling x2  
  125  8:25  Baneling x2  
  125  8:27  Drone x3  
  125  8:29  Hatchery  
  125  8:31  Mutalisk x2  
  131  8:36  Baneling  
  131  8:37  Baneling, Zergling x2  
  131  8:38  Zergling x8  
  134  8:44  Mutalisk  
  134  8:53  Zergling x2  
  134  8:54  Zergling x12  
Show
View Real Time Build Order
Export as new Build Order

Wanderer Terran 

Build Orders: Reaper Expand 

Get SALT Encoding   

  12  0:00  SCV  
  13  0:12  SCV  
  14  0:18  Supply Depot  
  14  0:24  SCV  
  15  0:39  SCV  
  15  0:40  Barracks  
  16  0:48  Refinery  
  16  0:51  SCV  
  17  1:03  SCV  
  18  1:16  SCV  
  19  1:28  Orbital Command  
  19  1:30  Reaper  
  20  1:41  Command Center  
  20  1:49  Supply Depot  
  20  1:53  SCV  
  21  1:57  Refinery  
  21  2:02  Marine  
  21  2:06  SCV  
  23  2:13  Factory  
  23  2:18  SCV  
  24  2:24  Barracks Reactor  
  24  2:30  SCV  
  24  2:43  SCV  
  25  2:55  SCV  
  26  3:00  Starport  
  26  3:04  Hellion x2  
  30  3:07  SCV  
  30  3:10  Marine  
  32  3:14  Orbital Command  
  32  3:19  SCV  
  35  3:27  Hellion x2  
  35  3:29  Marine  
  35  3:31  SCV  
  39  3:40  Supply Depot  
  39  3:41  SCV  
  40  3:44  SCV  
  40  3:46  Starport Tech Lab  
  41  3:52  Fusion Core  
  41  3:54  SCV  
  42  3:58  Hellion  
  42  4:02  Hellion  
  46  4:04  SCV  
  46  4:06  SCV  
  46  4:09  Supply Depot  
  48  4:17  SCV  
  49  4:19  SCV  
  50  4:29  SCV  
  51  4:31  SCV  
  52  4:40  Battlecruiser  
  52  4:41  SCV  
  52  4:45  Supply Depot  
  59  4:50  Command Center, Supply Depot  
  59  4:57  SCV  
  60  5:00  Armory  
  60  5:06  SCV  
  61  5:09  SCV, Supply Depot  
  61  5:11  Hellion x2  
  66  5:18  SCV  
  66  5:21  Supply Depot  
  67  5:24  Refinery  
  67  5:25  Refinery, SCV  
  68  5:30  SCV  
  68  5:33  Hellion x2  
  73  5:37  SCV  
  74  5:43  SCV  
  74  5:48  Battlecruiser  
  74  5:49  SCV  
  82  5:52  Weapon Refit  
  82  5:55  SCV  
  83  6:01  SCV  
  76  6:07  SCV  
  76  6:09  Orbital Command  
  75  6:13  SCV  
  76  6:19  SCV  
  75  6:26  SCV  
  75  6:30  Hellion x2  
  75  6:31  SCV  
  76  6:33  Factory x2  
  76  6:38  SCV  
  77  6:43  SCV  
  78  6:50  SCV  
  78  6:51  Hellion x2  
  69  6:55  SCV  
  61  7:02  SCV  
  61  7:07  SCV  
  55  7:13  Hellion x2  
  55  7:14  SCV  
  56  7:16  Supply Depot  
  56  7:17  Supply Depot  
  56  7:18  SCV  
  56  7:19  SCV  
  58  7:26  SCV  
  58  7:27  Factory Tech Lab x2  
  59  7:30  SCV  
  59  7:31  SCV  
  59  7:34  Hellion  
  63  7:38  SCV  
  63  7:43  Supply Depot  
  64  7:46  Supply Depot  
  64  7:47  SCV  
  65  7:52  Cyclone  
  65  7:53  Cyclone, Infernal Pre-Igniter  
  65  7:57  SCV, Factory  
  72  7:59  SCV  
  72  8:04  Widow Mine x2  
  77  8:08  Orbital Command  
  77  8:09  SCV  
  77  8:10  Starport Reactor  
  78  8:18  SCV  
  78  8:19  Engineering Bay  
  79  8:22  SCV  
  79  8:24  Cyclone  
  79  8:25  Cyclone  
  86  8:32  SCV  
  85  8:36  SCV  
  73  9:02  SCV  
Tags
 
Add a new tag
Caveats
  • Supply blocks, unpowered buildings, or Contaminate may cause inaccurate times.
  • Supply counts are checked every 10 seconds.